 Dungeon Crawl Stone Soup version 0.31-a0-744-gbc345e7fcb (webtiles) character file.

Game seed: 2530071795583027004

65 GigaChad the Shield-Bearer (level 4, -1/37 HPs)
             Began as a Formicid Fighter on Sept 13, 2023.
             Slain by a goblin
             ... wielding a +0 club
              (3 damage)
             ... on level 2 of the Dungeon.
             The game lasted 00:02:33 (1077 turns).

GigaChad the Shield-Bearer (Formicid Fighter)       Turns: 1077, Time: 00:02:33

Health: -1/37      AC:  7    Str: 23    XL:     4   Next: 35%
Magic:  4/4        EV:  9    Int:  7    God:
Gold:   43         SH:  5    Dex: 13    Spells: 3/3 levels left

rFire   . . .        a - +0 war axe
rCold   . . .        c - +0 buckler
rNeg    . . .        b - +0 scale mail
rPois   .            (helmet unavailable)
rElec   .            (no cloak)
rCorr   .            (no gloves)
SInv    +            (no boots)
Will    .....        (no amulet) Stlth
                     (no ring)
HPRegen 0.26/turn    (no ring)
MPRegen 0.09/turn

%: no passive effects
@: no status effects
A: permanent stasis, dig shafts and tunnels, antennae 3, four strong arms
a: Dig, Shaft Self


You were on level 2 of the Dungeon.
You visited 1 branch of the dungeon, and saw 2 of its levels.

You collected 43 gold pieces.

Inventory:

Hand Weapons
 a - a +0 war axe (weapon)
Armour
 b - a +0 scale mail (worn)
 c - a +0 buckler (worn)
Jewellery
 e - a ring of willpower
Scrolls
 f - a scroll of torment {unknown}
Potions
 d - a potion of might
 g - a potion of heal wounds {unknown}
 h - a potion of invisibility {unknown}
 i - a potion of lignification {unknown}


   Skills:
 * Level 3.7 Fighting
 * Level 3.2 Axes
 * Level 3.7 Armour
 * Level 4.4 Shields


You had 3 spell levels left.
You didn't know any spells.
Your spell library contained the following spells:

 Spells                   Type           Power      Damage    Failure   Level
 Call Canine Familiar     Summ           0%         N/A       99%         3
 Sigil of Binding         Hex            0%         N/A       99%         3
 Dimensional Bullseye     Hex/Tloc       0%         N/A       100%        4
 Leda's Liquefaction      Hex/Erth       0%         N/A       100%        4


Dungeon Overview and Level Annotations

Branches:
Dungeon (2/15)

Altars:


Innate Abilities, Weirdness & Mutations

You cannot be hasted, slowed, berserked, paralysed or teleported.
You can dig through walls and to a lower floor.
You have a pair of large antennae on your head. (SInv)
Your four strong arms can wield two-handed weapons with a shield.


Message History

The ball python barely misses you. x2
The gnoll hits you from afar with a +0 halberd.
You block the ball python's attack. The ball python grabs you.
The ball python constricts you.
You closely miss the ball python.
The ball python is severely wounded.
You closely miss the goblin. You block the goblin's attack.
The gnoll closely misses you.
The ball python bites you but does no damage.
The ball python constricts you.
You slash the ball python!
You kill the ball python!
You barely miss the goblin.
The gnoll hits you from afar with a +0 halberd!
The goblin hits you but does no damage.
The gnoll hits you from afar with a +0 halberd.
The goblin hits you but does no damage.
You are too injured to fight recklessly!
You closely miss the gnoll. You closely miss the goblin.
A frilled lizard comes into view.
The gnoll hits you with a +0 whip. The gnoll barely misses you.
The goblin hits you but does no damage.
Unknown command.
Unknown command.
You closely miss the gnoll. You closely miss the goblin.
The gnoll closely misses you. x2; The goblin hits you but does no damage.
A gnoll comes into view. It is wielding a +0 halberd.
The gnoll closely misses you. The goblin hits you with a +0 club.
The gnoll hits you with a +0 whip.
* * * LOW HITPOINT WARNING * * *
The gnoll moves out of view.
The gnoll hits you with a +0 whip.
* * * LOW HITPOINT WARNING * * *
You block the goblin's attack. The gnoll hits you with a +0 halberd.
* * * LOW HITPOINT WARNING * * *
You see here a ball python corpse.
Unknown command.
You barely miss the gnoll. You slash the gnoll! You closely miss the goblin.
The gnoll closely misses you. The goblin hits you with a +0 club.
You die...

#..... .....{ #.... #
###.... #.##.....,
#.......## #!.....g.##
#...l..@..##
#!....g.g#.#
#...#.#.†.######.
.......#..........
#..........###### ###
#.#!......)...# ###.# #
#.###.###.#.#######..#.
#. ## ...#......##.###
# #.###†.###>##..#.


You could see 2 gnolls, a goblin and a frilled lizard.

Vanquished Creatures
  An adder (D:2)
  A worm (D:2)
  2 dart slugs (D:1)
  An endoplasm (D:1)
  2 giant cockroaches
  3 goblins
  5 hobgoblins
  7 jackals
  5 kobolds (D:1)
  3 quokkas (D:1)
  6 ball pythons
  4 bats (D:1)
  3 frilled lizards
  3 rats
46 creatures vanquished.

Notes
Turn   | Place    | Note
-------+----------+-------------------------------------------
     0 | D:1      | GigaChad the Formicid Fighter began the quest for the Orb.
     0 | D:1      | Reached XP level 1. HP: 18/18 MP: 1/1
   200 | D:1      | Reached XP level 2. HP: 23/24 MP: 2/2
   381 | D:1      | Reached XP level 3. HP: 27/29 MP: 3/3
   381 | D:1      | Upgraded the game from 0.31-a0-743-g45f7035092 to
                  | 0.31-a0-744-gbc345e7fcb
  1032 | D:2      | Reached XP level 4. HP: 37/37 MP: 4/4
  1076 | D:2      | HP: 1/37 [gnoll/+0 halberd (3)]
  1077 | D:2      | Slain by a goblin

Illustrated notes

Levels and vault maps discovered:
D:1:      dpeg_arrival_rooms_a, layout_loops_ring, grunt_decor_junction
D:2:      layout_loops_cross, minmay_indecisive_spiral

Skill      XL: |  1  2  3 |
---------------+----------+-----
Axes           | 3 |  3.2
Fighting       | |  3.7
Armour         | |  3.7
Shields        | |  4.4

Action                     |  1- 3 |  4- 6 || total
---------------------------+-------+-------++-------
  Melee: War axe           |    99 |    23 ||   122
 Armour: Scale mail        |    63 |    26 ||    89
  Dodge: Dodged            |    51 |    16 ||    67
  Block: Buckler           |    24 |     9 ||    33

Table legend: (Time is in decaauts)
 A = Elapsed time spent in this place.
 B = Non-inter-level travel time spent in this place.
 C = Inter-level travel time spent in this place.
 D = Time resting spent in this place.
 E = Time spent auto-exploring this place.
 F = Levels seen in this place.
 G = Mean time per level.
                   A        B        C        D        E       F      G
               +--------+--------+--------+--------+--------+-----+--------+
         Total |   1127 |   1100 |     27 |      0 |    813 |   2 |  563.5 |
       Dungeon |   1127 |   1100 |     27 |      0 |    813 |   2 |  563.5 |
               +--------+--------+--------+--------+--------+-----+--------+

Top non-repeatable levels by time:
     D:1: 1027 daAuts
     D:2: 99 daAuts
